 Dungeon Crawl Stone Soup version 0.18-a0-1300-g6e8322c (webtiles) character file.

60 Tomstefer the Conjurer (level 4, -7/24 HPs)
             Began as a Tengu Conjurer on Feb 11, 2016.
             Mangled by Sigmund
             ... wielding a +3 scythe
              (12 damage)
             ... on level 2 of the Dungeon.
             The game lasted 00:06:56 (2737 turns).

Tomstefer the Conjurer (Tengu Conjurer)             Turns: 2737, Time: 00:06:56

Health: -7/24      AC:  3    Str:  8    XL:     4   Next: 6%
Magic:  0/8        EV: 12    Int: 17    God:
Gold:   77         SH:  0    Dex: 14    Spells: 1 memorised, 6 levels left

rFire  . . .     SeeInvis .     d - +1 dagger (speed)
rCold  . . .     Gourm    .     a - +0 robe
rNeg   . . .     Faith    .     (no shield)
rPois  .         Spirit   +     (helmet restricted)
rElec  .         Dismiss  .     k - +0 cloak
rCorr  .         Reflect  .     (no gloves)
SustAt .         Harm     .     (boots unavailable)
MR     .....                    h - amulet of guardian spirit
Stlth  ++........               (no ring)
                                (no ring)

@: not resistant to hostile enchantments, unstealthy
A: beak, talons 3
a: no special abilities


You were on level 2 of the Dungeon.
You were not hungry.

You visited 1 branch of the dungeon, and saw 2 of its levels.

You collected 77 gold pieces.

Inventory:

Hand Weapons
 d - a +1 dagger of speed (weapon)
Armour
 a - a +0 robe (worn)
 k - a +0 cloak (worn)
Jewellery
 h - an amulet of guardian spirit (around neck)
 n - a +3 ring of evasion {unknown}
Scrolls
 f - a scroll of fear {unknown}
 i - a scroll of noise {unknown}
Potions
 e - a potion of agility {unknown}
 g - a potion of magic {unknown}
 l - a potion of cure mutation {unknown}
Books
 b - a book of Conjurations

   Spells                             Type                      Level
   a - Magic Dart                     Conjuration                  1
   b - Searing Ray                    Conjuration                  2
   c - Dazzling Spray                 Conjuration/Hexes            3
   d - Fulminant Prism                Conjuration/Hexes            4
   e - Iskenderun's Mystic Blast      Conjuration                  4
   f - Iskenderun's Battlesphere      Conjuration/Charms           5
Comestibles
 c - 2 bread rations
 j - 3 fruits


   Skills:
 - Level 2.1 Dodging
 - Level 2.0 Stealth
 + Level 2.0 Spellcasting
 * Level 7.2 Conjurations


You had 6 spell levels left.
You knew the following spells:

 Your Spells              Type           Power        Failure   Level  Hunger
a - Magic Dart            Conj           ####         1%          1    #......


Dungeon Overview and Level Annotations

Branches:
Dungeon (2/15)

Altars:
Gozag
Pakellas
The Shining One

Shops:
D:2 *

Annotations:
D:2 Sigmund


Innate Abilities, Weirdness & Mutations

You have a beak for a mouth.
You have claws for feet.


Message History

Sigmund gestures wildly while chanting.
Sigmund flickers and vanishes!
Deactivating autopickup; reactivate with Ctrl-A.
You're too confused to move!
You bump into the rock wall.
You hear some strange, mumbled words.
Something tries to affect you, but you resist.
Something hits you.
All of the chunks of flesh in your inventory have rotted away.
You hear some strange, mumbled words.
A magic dart appears from out of thin air!
The magic dart hits you!
You bump into the rock wall.
Something hits you.
You hit something.
You bump into the rock wall.
Something hits you.
* * * LOW HITPOINT WARNING * * *
You feel less confused. Something hits you!
Ouch! That really hurt!
You die...

.. # ##. # #.#..
#.##. #.#.####.#
..... #....(...#
##...## #.####
##.....## #.##.##
##.......##
#.#...####.........#
#..@.....'.......).+
#.#...####.........#
###.##.## ##..>....#
#.....## ##.....##
#.#.#.# ##...####
#.#.#.# ##'####.
#.#...# #..รท...
#.....# #..#...
####.## ##......


There were no monsters in sight!

Vanquished Creatures
  2 adders (D:2)
  A giant gecko (D:1)
  A ball python (D:1)
  A giant cockroach (D:1)
  11 goblins
  3 hobgoblins (D:1)
  5 jackals
  A quokka (D:2)
  4 bats
  7 kobolds
  2 rats (D:1)
38 creatures vanquished.

Notes
Turn   | Place    | Note
--------------------------------------------------------------
     0 | D:1      | Tomstefer the Tengu Conjurer began the quest for the Orb.
     0 | D:1      | Reached XP level 1. HP: 10/10 MP: 4/4
    25 | D:1      | Reached XP level 2. HP: 13/15 MP: 0/6
   277 | D:1      | Reached skill level 6 in Conjurations
   773 | D:1      | Reached XP level 3. HP: 19/19 MP: 3/7
  1970 | D:2      | Reached skill level 7 in Conjurations
  2277 | D:2      | Found a glowing golden altar of the Shining One.
  2278 | D:2      | Found an oddly glowing altar of Pakellas.
  2505 | D:2      | Reached XP level 4. HP: 24/24 MP: 2/8
  2660 | D:2      | Found Gozag's Platinum Reserve.
  2662 | D:2      | Found an opulent altar of Gozag.
  2721 | D:2      | Noticed Sigmund
  2737 | D:2      | Mangled by Sigmund

Vault maps used:
D:1:      dpeg_arrival_rooms_b, st_stairs_11
D:2:      minitemple, nicolae_gozag_zags_fifth_avenue, uniq_sigmund

Action                   |  1- 3 |  4- 6 || total
-------------------------+-------+-------++-------
Melee: Unarmed           |     6 |       ||     6
       Dagger            |     7 |     1 ||     8
 Cast: Magic Dart        |    69 |     2 ||    71
  Eat: Chunk             |     6 |     1 ||     7
